Map: [ESL] Hardwire

Players

Serral - Winner!

  • Race: Zerg Zerg

TIME (Oliveira)

  • Race: Terran Terran

Event: IEM Katowice 2022

VOD

Have the link to the VOD?

Description

Time

  • Played on: Feb. 24, 2022, 1:22 p.m.
  • Length: 12:08

All games in this series

Show
View Real Time Build Order
Export as new Build Order

Serral Zerg - Winner!

Build Orders: Hatch First 

Get SALT Encoding   

  12  0:00  Drone  
  13  0:12  Overlord  
  13  0:17  Drone  
  14  0:30  Drone x2  
  16  0:49  Hatchery  
  15  0:52  Drone  
  15  0:56  Drone  
  17  0:59  Drone  
  18  1:10  Extractor  
  17  1:14  Spawning Pool  
  17  1:17  Drone  
  17  1:20  Drone  
  18  1:28  Drone  
  19  1:38  Drone  
  20  1:49  Drone  
  21  2:01  Queen x2  
  23  2:02  Zergling x4  
  27  2:13  Overlord  
  27  2:14  Drone  
  28  2:23  Hatchery  
  28  2:26  Drone  
  28  2:33  Drone x2  
  28  2:36  Drone  
  31  2:44  Queen  
  31  2:47  Overlord  
  31  2:50  Drone  
  34  2:54  Drone  
  34  2:55  Drone  
  36  3:02  Roach Warren  
  35  3:06  Drone  
  35  3:09  Drone x2  
  35  3:11  Drone x2  
  40  3:16  Drone  
  40  3:17  Drone  
  42  3:27  Overlord  
  42  3:30  Overlord  
  42  3:35  Queen  
  44  3:42  Roach x3  
  44  3:45  Roach  
  44  3:47  Drone  
  57  3:48  Roach x2  
  57  3:50  Roach  
  57  3:53  Roach  
  57  3:55  Roach  
  63  3:59  Queen  
  63  4:02  Overlord  
  65  4:09  Overlord  
  65  4:13  Drone  
  66  4:17  Overlord  
  66  4:22  Drone x5, Overlord  
  71  4:27  Drone x2  
  73  4:32  Drone  
  73  4:33  Overlord  
  74  4:39  Drone  
  74  4:40  Lair, Drone  
  74  4:43  Extractor  
  74  4:44  Extractor  
  74  4:50  Overlord  
  74  4:51  Ravager  
  71  4:52  Drone  
  71  4:53  Drone x3  
  71  4:55  Drone  
  71  4:58  Drone  
  76  5:01  Drone  
  76  5:07  Drone x4  
  79  5:09  Drone  
  79  5:12  Drone  
  79  5:13  Metabolic Boost  
  73  5:17  Drone  
  70  5:22  Drone  
  70  5:23  Extractor x3  
  70  5:24  Drone  
  70  5:27  Drone  
  70  5:28  Baneling Nest  
  69  5:32  Zergling x2  
  69  5:34  Drone  
  71  5:36  Drone x3  
  74  5:43  Drone x3  
  74  5:44  Drone x5  
  74  5:45  Spire  
  74  5:48  Hatchery  
  74  5:49  Overlord  
  80  5:52  Overseer  
  80  5:53  Drone  
  80  5:56  Zergling x2  
  82  5:58  Zergling x2  
  82  6:03  Overlord x2  
  83  6:04  Zergling x2  
  83  6:05  Zergling x2  
  83  6:06  Overlord  
  83  6:09  Spore Crawler, Drone  
  85  6:13  Overlord  
  85  6:14  Zergling x4  
  85  6:16  Centrifugal Hooks  
  87  6:30  Drone x2  
  85  6:42  Zergling x6  
  85  6:43  Drone x6  
  85  6:46  Drone  
  95  6:54  Overlord  
  95  6:58  Mutalisk x2  
  95  7:00  Mutalisk x5, Zerg Flyer Weapons Level 1  
  109  7:02  Mutalisk  
  109  7:06  Mutalisk x2  
  109  7:07  Zergling x2  
  115  7:11  Zergling x6  
  115  7:14  Queen  
  120  7:17  Baneling x7  
  120  7:18  Baneling  
  120  7:22  Evolution Chamber x2  
  118  7:34  Drone x3  
  118  7:35  Drone, Overlord  
  122  7:38  Pneumatized Carapace  
  122  7:39  Mutalisk x2  
  122  7:41  Drone  
  122  7:42  Zergling x12  
  133  7:47  Zergling x2  
  133  7:48  Zergling x12  
  140  7:52  Hatchery, Zerg Ground Armor Level 1, Zerg Melee Weapons Level 1  
  140  7:54  Overlord  
  140  7:55  Drone x3  
  142  7:59  Spore Crawler  
  142  8:01  Overlord  
  141  8:11  Zergling x20  
  149  8:21  Overlord x2  
  149  8:25  Drone x7  
  149  8:26  Extractor x2  
  154  8:28  Overseer  
  154  8:29  Drone x3  
  157  8:35  Mutalisk  
  157  8:36  Mutalisk  
  157  8:38  Overlord  
  157  8:40  Mutalisk  
  157  8:41  Mutalisk x3  
  169  8:51  Infestation Pit, Overlord  
  169  8:52  Zergling x10  
  169  8:55  Zerg Flyer Weapons Level 2, Burrow  
  173  9:00  Zergling x16  
  181  9:06  Overseer  
  181  9:12  Hatchery, Zergling x18  
  189  9:23  Drone x7, Queen  
  198  9:30  Baneling x28  
  198  9:31  Baneling  
  198  9:38  Zergling x8  
  194  9:46  Zergling x12  
  194  9:47  Baneling x5  
  194  9:48  Baneling x10  
  191  10:02  Zergling x18  
  191  10:03  Zergling x12  
  191  10:13  Hive  
  191  10:16  Baneling x4, Zergling x16  
  199  10:26  Zergling x14  
  199  10:27  Zergling x6  
  199  10:42  Baneling x16, Zergling x2  
  197  10:43  Zergling x6  
  197  10:49  Zergling x2  
  197  10:50  Zergling x12  
  197  10:53  Baneling x2  
  197  10:54  Baneling x10  
  198  10:58  Zergling x4  
  198  11:02  Baneling x6  
  198  11:03  Baneling x7  
  169  11:11  Zergling x26  
  169  11:12  Zergling x18  
  169  11:17  Zergling x2  
  169  11:18  Zergling x4  
  186  11:20  Baneling x15  
  186  11:22  Overseer  
  182  11:26  Zergling x20  
  188  11:39  Zergling x12  
  159  11:48  Zergling x12  
Show
View Real Time Build Order
Export as new Build Order

TIME Terran 

Build Orders: Reaper Expand, Hellion Banshee 

Get SALT Encoding   

  12  0:00  SCV  
  13  0:12  SCV  
  14  0:17  Supply Depot  
  14  0:24  SCV  
  15  0:38  SCV  
  15  0:40  Barracks  
  16  0:43  Refinery  
  16  0:51  SCV  
  17  1:03  SCV  
  18  1:15  SCV  
  19  1:28  Reaper, Orbital Command  
  20  1:40  Command Center  
  20  1:47  Supply Depot  
  20  1:53  SCV  
  21  1:59  Marine  
  22  2:08  SCV  
  23  2:11  Factory  
  23  2:20  SCV  
  23  2:22  Barracks Reactor  
  24  2:32  SCV  
  25  2:40  Command Center  
  25  2:44  SCV  
  26  2:53  Orbital Command  
  26  2:56  SCV  
  27  2:59  Starport  
  27  3:08  Hellion x2  
  27  3:10  SCV  
  32  3:15  Marine  
  32  3:16  Refinery  
  32  3:18  SCV  
  34  3:23  SCV  
  35  3:30  Hellion  
  35  3:31  Hellion  
  35  3:32  SCV  
  40  3:35  SCV  
  40  3:37  Viking  
  43  3:44  SCV  
  43  3:47  SCV  
  45  3:52  Widow Mine  
  45  3:53  Widow Mine, Orbital Command  
  49  3:56  SCV  
  49  3:59  SCV  
  49  4:02  Supply Depot, Barracks Tech Lab  
  51  4:08  SCV  
  54  4:11  SCV  
  54  4:14  Widow Mine  
  54  4:15  Widow Mine  
  59  4:20  SCV x2  
  57  4:26  Supply Depot, SCV  
  57  4:27  Bunker  
  57  4:28  Bunker  
  57  4:30  Banshee, Barracks Tech Lab  
  60  4:37  Bunker  
  60  4:38  Hellion  
  62  4:39  Hellion  
  62  4:41  SCV x2  
  66  4:50  SCV  
  67  4:55  Stimpack, Marauder  
  67  4:58  SCV  
  64  5:01  Hellion  
  64  5:02  SCV x2  
  64  5:06  Barracks  
  60  5:09  Barracks  
  60  5:10  SCV  
  57  5:14  SCV  
  57  5:24  SCV  
  57  5:26  SCV, Starport Reactor, Engineering Bay, Orbital Command  
  57  5:28  Engineering Bay  
  58  5:29  Refinery x2  
  58  5:32  Marine  
  58  5:34  Supply Depot, Siege Tank  
  62  5:36  Supply Depot  
  62  5:37  SCV  
  62  5:38  SCV  
  64  5:43  Barracks  
  64  5:45  Barracks  
  64  5:47  Supply Depot  
  65  5:50  SCV x2  
  65  5:54  Terran Infantry Weapons Level 1  
  65  5:56  Terran Infantry Armor Level 1  
  66  5:59  SCV  
  66  6:02  SCV  
  68  6:07  SCV  
  68  6:10  Marine x4  
  73  6:11  SCV  
  73  6:12  Starport Reactor, Siege Tank  
  73  6:14  SCV  
  78  6:19  SCV  
  78  6:23  Command Center  
  78  6:24  SCV  
  78  6:26  SCV  
  78  6:31  SCV  
  78  6:32  Barracks Reactor x2  
  80  6:34  Marine x2  
  80  6:36  Supply Depot x2, SCV, Marine  
  80  6:37  Combat Shield  
  80  6:38  SCV, Marine x2  
  87  6:43  SCV  
  88  6:48  SCV  
  88  6:50  SCV, Medivac  
  88  6:51  Medivac  
  88  6:52  Marine  
  92  6:54  Marine x2  
  92  6:55  SCV, Refinery x2  
  92  6:58  Missile Turret x2  
  92  7:00  SCV, Missile Turret  
  96  7:02  SCV  
  96  7:03  Armory  
  96  7:04  Marine x2  
  96  7:07  SCV  
  100  7:09  Marine  
  100  7:10  Marine x2  
  100  7:11  Marine  
  100  7:12  SCV  
  100  7:14  SCV, Factory  
  106  7:19  SCV, Marine x2  
  109  7:23  Supply Depot  
  109  7:24  Supply Depot, SCV  
  109  7:26  SCV, Marine  
  112  7:30  Marine  
  112  7:31  Siege Tank  
  112  7:32  Marine  
  112  7:34  Marine x3, Medivac  
  112  7:36  Marauder, Medivac  
  126  7:42  SCV x2  
  128  7:47  Missile Turret  
  128  7:48  Marine  
  128  7:51  Marine x2  
  128  7:52  Marine  
  128  7:55  SCV x2  
  128  7:57  Marine  
  134  7:59  Drilling Claws, Terran Infantry Armor Level 2, Marine, Terran Infantry Weapons Level 2  
  134  8:03  Marine  
  133  8:09  Planetary Fortress  
  133  8:10  Marine x3  
  133  8:12  Marine  
  133  8:15  SCV  
  133  8:16  Factory Reactor  
  133  8:17  SCV  
  133  8:18  SCV  
  133  8:19  Marine, Starport Reactor  
  135  8:23  Marine  
  135  8:24  Barracks x2  
  135  8:25  Barracks  
  136  8:27  SCV  
  136  8:30  Marine x2  
  136  8:31  Supply Depot x2, Sensor Tower  
  136  8:32  Supply Depot, Marine  
  140  8:36  Thor  
  140  8:38  SCV, Marine  
  148  8:48  Terran Vehicle And Ship Armor Level 1  
  148  8:52  SCV, Marine x2  
  148  8:53  SCV x2  
  148  8:54  Marine  
  148  8:55  Marine  
  155  8:56  Widow Mine x2, Medivac x2  
  155  8:57  Supply Depot  
  155  8:59  Supply Depot, Marine  
  164  9:02  Marine  
  164  9:05  Missile Turret  
  164  9:06  SCV x3, Command Center  
  164  9:07  SCV  
  164  9:08  Marine, Marauder  
  172  9:13  Barracks Tech Lab x2  
  172  9:14  Barracks Tech Lab  
  172  9:17  Missile Turret x2  
  172  9:19  Marine x2  
  172  9:20  Thor  
  180  9:25  Supply Depot  
  180  9:27  Supply Depot  
  180  9:28  Missile Turret  
  180  9:29  Missile Turret  
  180  9:32  Missile Turret x2  
  180  9:33  Missile Turret, Marauder  
  180  9:34  Widow Mine x2  
  186  9:39  Marauder  
  188  9:46  Marauder  
  188  9:50  Medivac x2  
  187  10:00  SCV  
  187  10:01  Marauder x2  
  187  10:02  SCV  
  184  10:07  Command Center  
  184  10:09  Supply Depot  
  184  10:11  Supply Depot  
  184  10:13  Supply Depot, Missile Turret  
  184  10:14  Missile Turret  
  184  10:25  Widow Mine, Marauder  
  173  10:31  Widow Mine, Marine, Marauder x2  
  173  10:32  Marauder, Marine x3  
  173  10:33  Thor  
  189  10:36  Medivac x2  
  192  10:46  Marine x2  
  148  11:12  Marine x3  
  148  11:13  Marauder x2  
  148  11:14  Widow Mine x2  
  148  11:15  Medivac x2  
  148  11:16  Marine x2  
  143  11:22  Marine  
  143  11:23  Marine x2, Marauder x2  
  144  11:26  SCV x2  
  146  11:39  Marine  
  129  11:40  Marine x3, Marauder  
  129  11:41  Marauder  
  129  11:45  Marine x3  
  129  11:46  Marauder  
  117  11:47  Marine  

Tags
 
Add a new tag
Caveats
  • Supply blocks, unpowered buildings, or Contaminate may cause inaccurate times.
  • Supply counts are checked every 10 seconds.